 Dungeon Crawl Stone Soup version 0.24.0-123-gd5b16e6ec5 (webtiles) character file.

Game seed: 3650400239918551334, levelgen mode: deterministic

340 manon the Shield-Bearer (level 6, -15/57 HPs)
             Began as a Deep Dwarf Fighter on Feb 4, 2020.
             Demolished by an ogre
             ... wielding a +0 giant club
              (21 damage)
             ... on level 4 of the Dungeon.
             The game lasted 00:18:15 (2771 turns).

manon the Shield-Bearer (Deep Dwarf Fighter)        Turns: 2771, Time: 00:18:15

Health: -15/57     AC:  9    Str: 21    XL:     6   Next: 30%
Magic:  6/6        EV:  5    Int:  9    God:
Gold:   136        SH:  9    Dex: 12    Spells: 7/7 levels left

rFire    . . .     SeeInvis .   a - +3 war axe
rCold    . . .     Gourm    .   c - +0 shield
rNeg     . . .     Faith    .   u - +0 chain mail
rPois    .         Spirit   .   (no helmet)
rElec    .         Reflect  .   (no cloak)
rCorr    .         Harm     .   (no gloves)
MR       .....                  (no boots)
Stlth    ..........             (no amulet)
HPRegen  0.00/turn              (no ring)
MPRegen  0.10/turn              o - ring of wizardry

@: non-regenerating, lightly drained
A: damage resistance, heal wounds, sense surroundings 1, no regeneration
a: Heal Wounds


You were on level 4 of the Dungeon.
You were hungry.

You visited 1 branch of the dungeon, and saw 4 of its levels.

You collected 136 gold pieces.

Inventory:

Hand Weapons
 a - a +3 war axe (weapon)
 b - a +0 hunting sling
 y - a +0 war axe
Missiles
 k - a curare-tipped dart
 n - 20 stones (quivered)
 p - 33 bolts
 s - a throwing net
 t - 41 sling bullets
 x - 4 poisoned darts
Armour
 c - a +0 shield (worn)
 m - a +0 scale mail
 u - a +0 chain mail (worn)
Jewellery
 o - a ring of wizardry (right hand)
Scrolls
 e - 4 scrolls of identify
 g - a scroll of teleportation
 q - a scroll of remove curse
 r - a scroll of noise {unknown}
Potions
 d - 2 potions of might
 h - a potion of heal wounds
 i - a potion of brilliance {unknown}
 j - a potion of degeneration {unknown}
 l - 2 potions of lignification {unknown}
 v - a potion of cancellation {unknown}
 w - a potion of invisibility {unknown}
Comestibles
 f - 8 rations


   Skills:
 + Level 3.8(3.5) Fighting
 + Level 3.9(3.6) Axes
 + Level 4.7(4.3) Armour
 + Level 4.7(4.3) Shields
 + Level 1.3(1.0) Spellcasting


You had 7 spell levels left.
You didn't know any spells.
Your spell library was empty.

Dungeon Overview and Level Annotations

Branches:
Dungeon (4/15)
 Temple: D:4-7

Altars:
Ashenzari
Kikubaaqudgha
Nemelex Xobeh
Okawaru
Trog
Wu Jian

Shops:
D:4 (

Annotations:
D:2 1 runed translucent door, 1 exclusion, Crazy Yiuf


Innate Abilities, Weirdness & Mutations

You are resistant to damage.
You can heal yourself by infusing magical energy.
You passively map a small area around you.
You do not regenerate.


Message History

The ogre hits you with a +0 giant club!
You slash the ogre!
The ogre is heavily wounded.
The ogre hits you with a +0 giant club!!
The ogre hits you but does no damage.
You are too injured to fight recklessly!
Your chain mail prevents you from hitting the ogre.
The ogre is heavily wounded.
You block the ogre's attack.
You hit the ogre but do no damage.
The ogre is heavily wounded.
The ogre hits you with a +0 giant club.
You slash the ogre!
The ogre is almost dead.
The ogre hits you with a +0 giant club!!
* * * LOW HITPOINT WARNING * * *
You completely miss the ogre.
The ogre is almost dead.
The ogre hits you with a +0 giant club!!
You die...

#.......# #.##.......# ,
#.......# #.##.####### *
#.......# ################# *
##.....#### #######.##...÷.÷#
, ##.......###....#.#.#P..P.P#
* #..##.((##.....#.#.#......#
,
*.......>..().....#'#.#.P.÷.P#
*
..#...###.)().......#.#÷.....#
.#.... #..'...O@...#.#......#
#.#. #..##.......#.#....÷.# *
#.*, , #..###......##'...P..#
, ....#*##########......# ,
,*#.....* ######## ##....
..... , , , , ** ,


You could see an ogre.

Vanquished Creatures
  A sky beast (D:3)
  2 jellies (D:4)
  An orc wizard (D:3)
  A gnoll (D:1)
  3 adders (D:3)
  9 oozes
  A worm (D:2)
  3 leopard geckos
  6 orcs (D:3)
  4 bats
  3 giant cockroaches
  7 goblins
  6 hobgoblins
  4 jackals (D:1)
  3 quokkas
  A ball python (D:2)
  6 frilled lizards
  12 kobolds
  9 rats
82 creatures vanquished.

Vanquished Creatures (others)
  3 fungi (D:4)
  12 toadstools (D:4)
15 creatures vanquished.

Grand Total: 97 creatures vanquished

Notes
Turn   | Place    | Note
-------+----------+-------------------------------------------
     0 | D:1      | manon the Deep Dwarf Fighter began the quest for the Orb.
     0 | D:1      | Reached XP level 1. HP: 20/20 MP: 1/1
    71 | D:1      | Reached XP level 2. HP: 12/27 MP: 2/2
   518 | D:1      | Reached XP level 3. HP: 31/34 MP: 3/3
  1093 | D:2      | Found a runed translucent door.
  1094 | D:2      | Noticed Crazy Yiuf
  1188 | D:2      | Found a sparkling altar of Nemelex Xobeh.
  1330 | D:2      | Found an ornate altar of the Wu Jian Council.
  1330 | D:2      | Found a shattered altar of Ashenzari.
  1573 | D:2      | Found an ancient bone altar of Kikubaaqudgha.
  1711 | D:3      | Reached XP level 4. HP: 28/42 MP: 3/3
  1739 | D:3      | Noticed a sky beast
  2106 | D:3      | Killed a sky beast
  2106 | D:3      | Reached XP level 5. HP: 14/49 MP: 2/4
  2289 | D:3      | Found an iron altar of Okawaru.
  2532 | D:4      | Found Oprest's Weapon Emporium.
  2532 | D:4      | Found a bloodstained altar of Trog.
  2620 | D:4      | Reached skill level 1 in Spellcasting
  2702 | D:4      | Reached XP level 6. HP: 46/57 MP: 5/5
  2771 | D:4      | Demolished by an ogre

Levels and vault maps discovered:
D:1:      tarquinn_simple_flora_water_c, layout_basic
D:2:      layout_loops_ring, nicolae_overflow_crystal_walls, lemuel_round_altar,
          gammafunk_temple_overflow_wave, minivault_26, uniq_crazy_yiuf_cottage
D:3:      layout_loops_ring, okawaru_ov_weapons_minmay
D:4:      cheibrodos_fertilizer, layout_rooms, overflow_temple_1_default,
          old_standard_altar, serial_shops, nicolae_shop_crystal,
          nicolae_shop_crystal, shop, nicolae_shop_behind_doors, first_ration,
          chequers_big_river

Skill      XL: |  1  2  3  4  5 |
---------------+----------------+-----
Fighting       | 3 |  3.8
Axes           | 3 |  3.9
Armour         | 4 |  4.7
Shields        | 4 |  4.7
Spellcasting   | 1 |  1.3

Action                   |  1- 3 |  4- 6 || total
-------------------------+-------+-------++-------
Melee: War axe           |   154 |   114 ||   268
 Fire: Hunting sling     |       |     2 ||     2
Throw: Stone             |     4 |       ||     4
 Abil: Heal Wounds       |     3 |     5 ||     8
  Use: Potion            |       |     1 ||     1
       Scroll            |       |     4 ||     4
  Eat: Chunk             |     3 |     3 ||     6
Armor: Scale mail        |    68 |    41 ||   109
       Chain mail        |       |    25 ||    25
Dodge: Dodged            |    40 |    21 ||    61
Block: Shield            |   102 |    63 ||   165
